 Dungeon Crawl Stone Soup version 0.29-a0-319-gad05b8d819 (webtiles) character file.

Game seed: 1990654395226662495

406 bande the Covered (level 6, -1/39 HPs)
             Began as a Gargoyle Fighter on Apr 1, 2022.
             Slain by an ufetubus (2 damage)
             ... summoned by Eustachio
             ... on level 4 of the Dungeon on Apr 2, 2022.
             The game lasted 00:08:08 (3800 turns).

bande the Covered (Gargoyle Fighter)                Turns: 3800, Time: 00:08:09

Health: -1/39      AC: 15    Str: 32      XL:     6   Next: 87%
Magic:  6/6        EV:  9    Int: 10      God:
Gold:   248        SH:  4    Dex:  9 (11) Spells: 5/5 levels left

rFire   . . .      SeeInvis .   a - +0 war axe
rCold   . . .      Faith    .   c - +0 buckler
rNeg    + . .      Spirit   .   b - +0 scale mail
rPois   ∞          Reflect  .   r - +2 hat
rElec   +          Harm     .   (no cloak)
rCorr   .          Rampage  .   (no gloves)
Will    .....                   (no boots)
Stlth   ..........              (no amulet)
HPRegen 0.13/turn               j - +6 ring of strength
MPRegen 0.10/turn               l - +6 ring of strength

@: flying
A: sickness immunity, AC +4, negative energy resistance 1, electricity
resistance, torment resistance 1, petrification resistance, iridescent scales 1,
clever 1
a: no special abilities


You were on level 4 of the Dungeon.
You visited 1 branch of the dungeon, and saw 4 of its levels.

You collected 248 gold pieces.

Inventory:

Hand Weapons
 a - a +0 war axe (weapon)
 k - a +0 flail
Armour
 b - a +0 scale mail (worn)
 c - a +0 buckler (worn)
 m - a +0 helmet
 r - a +2 hat (worn)
Jewellery
 f - a +6 ring of intelligence
 i - a ring of see invisible
 j - a +6 ring of strength (left hand)
 l - a +6 ring of strength (right hand)
Scrolls
 e - a scroll of teleportation
 n - a scroll of fog
Potions
 d - a potion of might
 g - 2 potions of resistance
 h - a potion of magic
 o - a potion of mutation
 p - a potion of flight
 q - a potion of invisibility {unknown}
 s - 3 potions of curing {unknown}


   Skills:
 + Level 4.3 Fighting
 + Level 4.6 Axes
 + Level 4.7 Armour
 + Level 4.3 Shields


You had 5 spell levels left.
You didn't know any spells.
Your spell library was empty.

Dungeon Overview and Level Annotations

Branches:
Dungeon (4/15)
 Temple: D:4-7

Altars:
Cheibriados
Qazlal

Annotations:
D:4 Eustachio


Innate Abilities, Weirdness & Mutations

You are immune to sickness and miasma.
Your stone body is resilient. (AC +4)
You are immune to poison.
You resist negative energy. (rN+)
You are resistant to electric shocks. (rElec)
You are resistant to unholy torment.
You are immune to petrification.
You are partially covered in iridescent scales. (AC +2)
Your mind is acute. (Int +2)


Message History

You closely miss the bat.
You block the bat's attack. x2; The bat misses you.
Eustachio mumbles some strange words.
You slash Eustachio!
Eustachio is moderately wounded.
You barely miss the ufetubus. You block the bat's attack. x2
The bat hits you but does no damage. The ufetubus closely misses you.
The ufetubus hits you.
* * * LOW HITPOINT WARNING * * *
Eustachio zaps a wand.
The puff of flame hits you.
* * * LOW HITPOINT WARNING * * *
You hit Eustachio.
Eustachio is heavily wounded.
You closely miss the bat. You hit the bat. You miss the quasit.
The bat hits you but does no damage. You block the bat's attack. x2
Eustachio mumbles some strange words.
Eustachio blinks!
You block the quasit's attack.
The quasit claws you but does no damage.
The quasit closely misses you.
The ufetubus hits you but does no damage.
The ufetubus hits you.
* * * LOW HITPOINT WARNING * * *
The bat completely misses you. You block the bat's attack.
The rat bites you but does no damage.
The quasit bites you but does no damage.
The quasit claws you but does no damage. x2
Eustachio mumbles some strange words.
Eustachio blinks!
Things that are here:
a +0 short sword; a +0 leather armour It was a potion of flight.
You feel very buoyant.
You fly up into the air.
The bat hits you but does no damage. The quasit barely misses you.
The quasit claws you but does no damage.
The quasit claws you.
* * * LOW HITPOINT WARNING * * *
You feel clumsy. You block the rat's attack.
The bat hits you but does no damage. The ufetubus hits you.
You die...

......
......$..
.......@.
#.......##
.........#
.........#
.........##
......b555#
........@r#
#......b#.## .
.. ###
##.....##..#
##. .. ..#
###.## ##.###..
. ..# #.
#..##.# #. #.#
# ##†##.#
#.##.# #.##.#
#..... #..#.#
#..#
##...#######...


You could see Eustachio, a quasit (summoned), a white imp (summoned), an
ufetubus (summoned), 2 bats and a rat (summoned).

Vanquished Creatures
  A sky beast (D:3)
  An ogre (D:3)
  A hound (D:3)
  Robin (D:2)
  4 gnolls
  5 adders
  2 worms
  5 dart slugs
  An orc (D:4)
  5 ball pythons
  4 endoplasms
  2 giant cockroaches (D:4)
  17 goblins
  3 hobgoblins
  8 jackals
  6 quokkas
  9 bats
  2 frilled lizards
  10 kobolds
  5 rats
92 creatures vanquished.

Notes
Turn   | Place    | Note
-------+----------+-------------------------------------------
     0 | D:1      | bande the Gargoyle Fighter began the quest for the Orb.
     0 | D:1      | Reached XP level 1. HP: 14/14 MP: 1/1
    75 | D:1      | Found a faded altar of an unknown god.
    92 | D:1      | Reached XP level 2. HP: 16/19 MP: 2/2
   787 | D:1      | Reached XP level 3. HP: 22/23 MP: 3/3
  1014 | D:2      | Gained mutation: You are partially covered in iridescent
                  | scales. (AC +2) [potion of mutation]
  1014 | D:2      | Gained mutation: Your mind is acute. (Int +2) [potion of
                  | mutation]
  1306 | D:2      | Reached XP level 4. HP: 24/29 MP: 4/4
  1307 | D:2      | Noticed Robin
  1328 | D:2      | Killed Robin
  2059 | D:3      | Found a snail-covered altar of Cheibriados.
  2320 | D:2      | Reached XP level 5. HP: 23/33 MP: 5/5
  3171 | D:3      | Found a stormy altar of Qazlal.
  3172 | D:3      | Identified the +5 dagger of Ytuc {flame, Str+4}
  3200 | D:3      | Noticed a sky beast
  3220 | D:3      | Killed a sky beast
  3221 | D:3      | Reached XP level 6. HP: 33/38 MP: 6/6
  3514 | D:3      | Identified the +10 hand axe "Hydraslayer" {pain, Stlth+}
  3760 | D:4      | Noticed Eustachio
  3800 | D:4      | HP: 1/39 [quasit[Eustachio] (2)]
  3800 | D:4      | Slain by an ufetubus

Illustrated notes

Levels and vault maps discovered:
D:1:      saegor_arrival_simple_e, layout_basic,
          shapermc_ecumenical_altar_mp_highgroup
D:2:      layout_loops_cross, uniq_robin
D:3:      layout_loops_corners, mainiacjoe_overflow_concentric_impassable,
          mainiacjoe_overflow_chevrons, hex_large
D:4:      layout_rooms, lemuel_flame_loot_1, uniq_grinder, uniq_eustachio

Skill      XL: |  1  2  3  4  5 |
---------------+----------------+-----
Axes           | 2 3 4 |  4.6
Armour         | 4 |  4.7
Fighting       | 4 |  4.3
Shields        | 4 |  4.3

Action                   |  1- 3 |  4- 6 || total
-------------------------+-------+-------++-------
Melee: War axe           |   104 |   161 ||   265
  Use: Scroll            |     4 |     5 ||     9
       Potion            |     1 |     1 ||     2
Armor: Scale mail        |    63 |   157 ||   220
Dodge: Dodged            |    63 |   107 ||   170
Block: Buckler           |    24 |    60 ||    84

Table legend: (Time is in decaauts)
 A = Elapsed time spent in this place.
 B = Non-inter-level travel time spent in this place.
 C = Inter-level travel time spent in this place.
 D = Time resting spent in this place.
 E = Time spent auto-exploring this place.
 F = Levels seen in this place.
 G = Mean time per level.
                   A        B        C        D        E       F      G
               +--------+--------+--------+--------+--------+-----+--------+
         Total |   3908 |   3818 |     90 |    905 |   2149 |   4 |  977.0 |
       Dungeon |   3908 |   3818 |     90 |    905 |   2149 |   4 |  977.0 |
               +--------+--------+--------+--------+--------+-----+--------+

Top non-repeatable levels by time:
     D:2: 1869 daAuts
     D:3: 968 daAuts
     D:1: 914 daAuts
     D:4: 155 daAuts
